 Dungeon Crawl Stone Soup version 0.21.1-1-g345015f (webtiles) character file.

62 Shandris the Skirmisher (level 3, -1/33 HPs)
             Began as a Minotaur Chaos Knight on June 26, 2018.
             Succumbed to a gnoll's poison
             ... on level 2 of the Dungeon.
             The game lasted 00:06:29 (1125 turns).

Shandris the Skirmisher (Minotaur Chaos Knight)     Turns: 1125, Time: 00:06:29

Health: -1/33      AC:  6    Str: 16    XL:     3   Next: 85%
Magic:  2/2        EV: 12    Int:  9    God:    Xom [..*...]
Gold:   60         SH:  0    Dex: 10    Spells: 2/2 levels left

rFire    . . .     SeeInvis .   a - +0 hand axe (chaos)
rCold    . . .     Gourm    .   (no shield)
rNeg     . . .     Faith    .   b - +2 leather armour
rPois    .         Spirit   .   (helmet restricted)
rElec    .         Reflect  .   (no cloak)
rCorr    .         Harm     .   (no gloves)
MR       .....                  h - +0 pair of boots
Stlth    +.........             (no amulet)
HPRegen  0.11/turn              (no ring)
MPRegen  0.08/turn              (no ring)

@: lethally poisoned (-1 -> -21), hasted, very quick
A: retaliatory headbutt, horns 2
a: Renounce Religion


You were on level 2 of the Dungeon.
You worshipped Xom.
You were a toy of Xom.
You were hungry.

You visited 1 branch of the dungeon, and saw 2 of its levels.

You collected 60 gold pieces.

Inventory:

Hand Weapons
 a - a +0 hand axe of chaos (weapon)
Armour
 b - a +2 leather armour (worn)
 h - a +0 pair of boots (worn)
Scrolls
 d - 2 scrolls of identify {unknown}
 f - a scroll of immolation {unknown}
 g - a scroll of enchant weapon {unknown}
 i - a scroll of noise {unknown}
Comestibles
 c - a ration


   Skills:
 - Level 4.0 Fighting
 + Level 3.9 Axes
 - Level 4.0 Armour
 - Level 2.1 Dodging


You had 2 spell levels left.
You didn't know any spells.

Dungeon Overview and Level Annotations

Branches:
Dungeon (2/15)

Altars:
Trog


Innate Abilities, Weirdness & Mutations

You reflexively headbutt those who attack you in melee.
You have a pair of horns on your head.


Message History

A gnoll shaman comes into view. It is wielding a club.
Setting a skill training target for Axes at 14.0.
You completely miss the frilled lizard.
You feel sick.
The gnoll shaman shouts!
The frilled lizard bites you but does no damage.
The gnoll hits you from afar with a spear of venom.
* * * LOW HITPOINT WARNING * * *
You are more poisoned.
* * * LOW HITPOINT WARNING * * *
You feel sick.
* * * LOW HITPOINT WARNING * * *
You feel sick.
* * * LOW HITPOINT WARNING * * *
You feel sick.
* * * LOW HITPOINT WARNING * * *
You feel sick.
It was a potion of haste.
You feel yourself speed up.
Xom is highly amused!
You die...
Xom bursts into laughter!

#....#..................+
.##...#..###...........).#
.....#..#.......#'#####.#
.###..#..#.#.#...#.......#
.........#............####
########.###)#.........
............g).g.###
########....####l#
#.......#@# #.#<#.#.#.#
#.#.#...#.# #.#.#####.#
#.#.......# #.#######.#
#.....# #.....# #.....#


You could see a gnoll and a frilled lizard.

Vanquished Creatures
  3 gnolls (D:2)
  An adder (D:2)
  A dart slug (D:2)
  2 bats (D:2)
  4 giant cockroaches
  4 kobolds
  A quokka (D:2)
  A frilled lizard (D:1)
  A frilled lizard (shapeshifter) (D:1)
  3 goblins
  2 rats (D:1)
23 creatures vanquished.

Vanquished Creatures (collateral kills)
  3 bushes (D:1)
3 creatures vanquished.

Vanquished Creatures (others)
  A bush (D:1)
1 creature vanquished.

Grand Total: 27 creatures vanquished

Notes
Turn   | Place    | Note
-------+----------+-------------------------------------------
     0 | D:1      | Shandris the Minotaur Chaos Knight began the quest for the Orb.
     0 | D:1      | Reached XP level 1. HP: 19/19 MP: 0/0
   295 | D:1      | XOM: potion effect (agility)
   296 | D:1      | Reached XP level 2. HP: 27/27 MP: 1/1
   419 | D:1      | XOM: divination: magic mapping
   493 | D:1      | XOM: divination: magic mapping
   572 | D:1      | XOM: divination: detect creatures
   854 | D:1      | XOM: divination: detect items
   971 | D:2      | Found a bloodstained altar of Trog.
  1004 | D:2      | Reached XP level 3. HP: 28/33 MP: 2/2
  1124 | D:2      | HP: 1/33 [poisoned by a gnoll]
  1125 | D:2      | Succumbed to a gnoll's poison

Skill      XL: |  1  2  3 |
---------------+----------+-----
Fighting       | 4 |  4.0
Armour         | 4 |  4.0
Dodging        | 2 |  2.1
Axes           | |  3.9

Action                   || total
-------------------------++-------
Melee: Hand axe          ||    87
       Headbutt          ||    16
  Use: Potion            ||     1
Armor: Leather armour    ||    22
Dodge: Dodged            ||    44
